[Event "Titled Tuesday Blitz June 14 Late 2022"]
[White "Yurasova, Daria"]
[Black "Souleidis, Georgios"]
[WhiteFideId "34146919"]
[BlackFideId "4206827"]
[WhiteElo "2021"]
[BlackElo "2401"]
[Result "1-0"]
[Round "02"]
[TimeControl "180+1"]
[Date "2022.06.15"]
[WhiteClock "0:00:12"]
[BlackClock "0:00:11"]

1. e4 c6 2. d4 d5 3. e5 c5 4. dxc5 e6 5. Be3 Nd7 6. f4 Bxc5 7. Bxc5 Nxc5 8. Nf3 Ne7 9. Nbd2 O-O 10. Bd3 Qb6 11. Bxh7+ Kxh7 12. Ng5+ Kg6 13. Qg4 f5 14. exf6 gxf6 15. Nge4+ Kf7 16. Qh5+ Kg7 17. Qg4+ Ng6 18. Nxc5 Qxc5 19. O-O-O Qe3 20. g3 f5 21. Qg5 Qd4 22. Qh5 Rh8 23. Qf3 Bd7 24. h4 Rac8 25. h5 Ne7 26. g4 fxg4 27. Qxg4+ Kf8 28. Kb1 Qf6 29. Nf3 Rg8 30. Ng5 Qf5 31. Qg3 Rxc2 32. Ka1 Rc4 33. Rhf1 Ke8 34. h6 Rh8 35. h7 Rc2 36. Qa3 a6 37. Rfe1 Rxh7 38. Nxh7 Qxh7 39. Qb3 Bc6 40. Rh1 Rh2 41. Rhg1 Rh6 42. Qb6 Rg6 43. Rh1 Qg7 44. Rhe1 Kd7 45. Qc5 Rg2 46. Qb6 Qf7 47. Rh1 Rg7 48. Rhf1 Qf6 49. Qb3 Nf5 50. Rfe1 Kc7 51. Rc1 Kb8 52. Qb4 Rf7 53. Qb6 Rc7 54. Rh1 Qg7 55. Rhg1 Qf7 56. Rh1 Rc8 57. Rhg1 Qc7 58. Qb3 Qxf4 59. Rgf1 Qd6 60. Rfe1 Qd7 61. Qd3 Nd6 62. Qe2 Ne4 63. Rh1 Bb5 64. Qe3 Rxc1+ 65. Rxc1 Qd6 66. Qd4 Qd8 67. Qe5+ Ka8 68. Qd4 Bc6 69. Rh1 Qb8 70. Rh8 Qxh8 71. Qxh8+ Ka7 72. Qd4+ Kb8 73. Qe5+ Kc8 74. Qxe6+ Bd7 75. Qxd5 Nf6 76. Qf7 Ne8 77. Qe7 Bc6 78. Qe5 Nc7 79. a3 Ne8 80. Qe6+ Kc7 81. Qe5+ Kc8 82. Kb1 Kd7 83. Kc1 Kc8 84. Kd2 Nc7 85. Qh8+ Ne8 86. Qh7 Kb8 87. Qe7 Ka7 88. Kc3 Kb6 89. Qe3+ Kc7 90. Qe7+ Kc8 91. Kd4 Kb8 92. Kc5 Kc8 93. Kb6 Ba4 94. Qc5+ Bc6 95. Qe5 Kd7 96. Qf5+ Ke7 97. b4 Nd6 98. Qe5+ Kd7 99. Qg7+ Ke6 100. Qg8+ Kd7 101. Qg7+ Ke6 102. Qg4+ Ke7 103. Ka5 Kd8 104. Qg5+ Kc7 105. Qg7+ Kc8 106. Qg8+ Kc7 107. Qg7+ Kc8 108. Kb6 Nc4+ 109. Kc5 Nxa3 110. Qg8+ Kd7 111. Qh7+ Ke6 112. Qh3+ Ke7 113. Qxa3 Kd7 114. Qe3 Kc8 115. Kb6 Kd7 116. Qh3+ Kd6 117. Qh6+ Kd5 118. Qg5+ Kc4 119. Qf4+ Kb3 120. Ka5 Kc3 121. Qe3+ Kc4 122. Qc5+ Kd3 123. Kb6 Ke4 124. Kc7 Kd3 125. Kd6 Kd2 126. Qd4+ Kc2 127. Kc5 Kb3 128. Qc4+ Kb2 129. Kd4 Kb1 130. Qc3 Ka2 131. Ke3 1-0


[Site "https://www.chess.com"]

[Event "Titled Tuesday Blitz June 14 Late 2022"]
[White "Zhigalko, Sergei"]
[Black "Florescu, Codrut-Constantin"]
[WhiteFideId "13502956"]
[BlackFideId "1202200"]
[WhiteElo "2662"]
[BlackElo "2191"]
[Result "1-0"]
[Round "02"]
[TimeControl "180+1"]
[Date "2022.06.14"]
[WhiteClock "0:00:27"]
[BlackClock "0:00:35"]

1. e4 c5 2. Nf3 e6 3. c3 Nf6 4. e5 Nd5 5. Bc4 d6 6. d4 cxd4 7. cxd4 Nc6 8. O-O Be7 9. Bd2 O-O 10. Nc3 Nxc3 11. Bxc3 dxe5 12. dxe5 a6 13. Bd3 g6 14. Qe2 Qc7 15. h4 b5 16. h5 Bb7 17. Rac1 Rfd8 18. Rfe1 Rd7 19. Bd2 Qd8 20. Be4 Nd4 21. Nxd4 Bxe4 22. Ba5 Qxa5 23. Qxe4 Rf8 24. hxg6 hxg6 25. Nxe6 Re8 26. Qc6 Qd2 27. Re2 Qd3 28. Nf4 Qd4 29. e6 Qxf4 30. exd7 1-0


[Site "https://www.chess.com"]

[Event "Titled Tuesday Blitz June 14 Late 2022"]
[White "Acosta, Pablo Ismael"]
[Black "Vachier-Lagrave, Maxime"]
[WhiteFideId "124311"]
[BlackFideId "623539"]
[WhiteElo "2313"]
[BlackElo "2813"]
[Result "1-0"]
[Round "03"]
[TimeControl "180+1"]
[Date "2022.06.14"]
[WhiteClock "0:00:11"]
[BlackClock "0:00:20"]

1. d4 d5 2. c4 c6 3. Nf3 Nf6 4. e3 Bf5 5. Nc3 e6 6. Qb3 Qc7 7. Be2 h6 8. O-O Nbd7 9. a4 a5 10. Bd2 Bb4 11. Rac1 Rc8 12. cxd5 exd5 13. Nb5 Qb8 14. Na3 Qd6 15. Bxb4 Qxb4 16. Qxb4 axb4 17. Nc2 b3 18. Na1 Ra8 19. Nxb3 Rxa4 20. Ra1 Rb4 21. Nfd2 Ke7 22. Ra3 Ne8 23. Rc1 Nd6 24. f3 Re8 25. Kf2 Kf8 26. Ra7 g5 27. Rc3 Nf6 28. h3 h5 29. g4 hxg4 30. hxg4 Bg6 31. Ra2 Kg7 32. Nc5 Rh8 33. Kg2 Nfe8 34. Rb3 Rxb3 35. Ncxb3 f5 36. Ra7 fxg4 37. fxg4 Rf8 38. Nc5 Rf7 39. Nf3 Be4 40. Nxe4 Nxe4 41. Bd3 N8d6 42. Be2 Re7 43. Ra8 Nf6 44. Ne5 Nf7 45. Nxf7 Kxf7 46. Kf2 Ne4+ 47. Ke1 Nd6 48. Kf2 Kg7 49. Bd3 Ne8 50. Rb8 Nf6 51. Bf5 Ne8 52. b4 Nd6 53. Bd3 Rf7+ 54. Ke2 Kf6 55. Rh8 Re7 56. Rh6+ Kg7 57. Rxd6 Rf7 58. Rg6+ 1-0


[Site "https://www.chess.com"]

[Event "Titled Tuesday Blitz June 14 Late 2022"]
[White "Adewumi, Tanitoluwa"]
[Black "Leiva, Gianmarco"]
[WhiteFideId "30966396"]
[BlackFideId "3804399"]
[WhiteElo "2465"]
[BlackElo "2323"]
[Result "1-0"]
[Round "03"]
[TimeControl "180+1"]
[Date "2022.06.15"]
[WhiteClock "0:00:05"]
[BlackClock "0:00:02"]

1. e4 c5 2. Nf3 d6 3. Bb5+ Nd7 4. c3 Nf6 5. Bd3 e5 6. Bc2 g5 7. h3 c4 8. d4 cxd3 9. Bxd3 Nc5 10. Bxg5 Nxd3+ 11. Qxd3 Be7 12. Nbd2 Be6 13. c4 Rg8 14. O-O-O b5 15. Kb1 Qa5 16. Nb3 bxc4 17. Nxa5 cxd3 18. Bxf6 Bxf6 19. g3 d5 20. Rhe1 dxe4 21. Rxe4 Bd5 22. Re3 O-O-O 23. Nd2 e4 24. Nxe4 Bd4 25. Ree1 f5 26. Nc3 Bxf2 27. Re5 Be4 28. Nxe4 fxe4 29. Rxe4 Bxg3 30. Rc4+ Bc7 31. Nc6 Rd5 32. Ne7+ Kd7 33. Nxd5 Be5 34. Rxd3 Rg2 35. Ne3+ 1-0


[Site "https://www.chess.com"]

[Event "Titled Tuesday Blitz June 14 Late 2022"]
[White "Adury, Anant"]
[Black "Shirov, Alexei"]
[WhiteFideId "30964687"]
[BlackFideId "2209390"]
[WhiteElo "2203"]
[BlackElo "2678"]
[Result "0-1"]
[Round "03"]
[TimeControl "180+1"]
[Date "2022.06.14"]
[WhiteClock "0:00:14"]
[BlackClock "0:00:49"]

1. d4 d5 2. Nf3 Nf6 3. c4 c6 4. Nc3 e6 5. cxd5 exd5 6. Bf4 Bb4 7. e3 Ne4 8. Rc1 Bf5 9. Bd3 Nd7 10. O-O Bxc3 11. bxc3 O-O 12. Ne5 Nxe5 13. Bxe5 Bg6 14. c4 dxc4 15. Bxc4 Kh8 16. Bd3 f6 17. Bf4 Qe7 18. Qc2 f5 19. f3 Nf6 20. Be5 Nd7 21. f4 Nb6 22. Qc5 Qd7 23. Bc4 Nxc4 24. Qxc4 Bf7 25. Qc2 Bd5 26. Rf2 Kg8 27. Qc5 Rfe8 28. Qc2 Re7 29. Qd1 Re6 30. Rb1 Rh6 31. Qd2 Re8 32. Qb2 b6 33. a4 Ree6 34. a5 b5 35. h3 Reg6 36. Kf1 Bc4+ 37. Ke1 Qd5 38. Qb4 Qe4 39. Rbb2 Rxh3 40. Qe7 Rxe3+ 41. Kd1 Re1+ 42. Kd2 Qe3+ 43. Kc2 Qd3# 0-1


[Site "https://www.chess.com"]

[Event "Titled Tuesday Blitz June 14 Late 2022"]
[White "Aldokhin, Ivan"]
[Black "Jian, Alex"]
[WhiteFideId "24115720"]
[BlackFideId "30901022"]
[WhiteElo "2231"]
[BlackElo "2111"]
[Result "1-0"]
[Round "03"]
[TimeControl "180+1"]
[Date "2022.06.15"]
[WhiteClock "0:00:06"]
[BlackClock "0:00:06"]

1. e4 c5 2. Nf3 e6 3. d4 cxd4 4. Nxd4 a6 5. Nc3 Qc7 6. Bd3 Nf6 7. Qe2 d6 8. Bd2 Nc6 9. Nxc6 bxc6 10. O-O Be7 11. f4 Qb6+ 12. Kh1 Qxb2 13. Rab1 Qa3 14. Rb3 Qc5 15. Na4 Qh5 16. Qxh5 Nxh5 17. Nb6 Rb8 18. Nxc8 Rxc8 19. Bxa6 Rd8 20. Rb7 Nf6 21. Bd3 Rd7 22. Rfb1 O-O 23. Rxd7 Nxd7 24. Rb7 Rb8 25. Ba6 Rd8 26. Ba5 Ra8 27. Rxd7 Rxa6 28. Rxe7 Kf8 29. Bd8 Rxa2 30. Kg1 Ra8 31. Rd7 Ke8 32. Rxd6 Rxd8 33. Rxd8+ Kxd8 34. Kf2 f6 35. Ke3 e5 36. f5 Kc7 37. Kd3 Kb6 38. Kc4 h6 39. g4 Kb7 40. Kc5 Kc7 41. c4 Kd7 42. Kb6 Kd6 43. c5+ Kd7 44. Kb7 Kd8 45. Kxc6 Ke7 46. Kc7 Ke8 47. c6 Ke7 48. Kb8 Kd6 49. c7 Kc5 50. c8=Q+ Kd4 51. Qb7 Ke3 52. Qxg7 Kf4 53. Qxf6 Kxg4 54. Qxe5 Kg5 55. Qg3+ Kf6 56. Qf4 Kf7 57. e5 Ke7 58. Qxh6 1-0


[Site "https://www.chess.com"]

[Event "Titled Tuesday Blitz June 14 Late 2022"]
[White "Al-Tarboush, Ward"]
[Black "Rios Escobar, Adan"]
[WhiteFideId "7601450"]
[BlackFideId "3403645"]
[WhiteElo "2249"]
[BlackElo "2431"]
[Result "0-1"]
[Round "03"]
[TimeControl "180+1"]
[Date "2022.06.15"]
[WhiteClock "0:00:05"]
[BlackClock "0:00:14"]

1. e4 c5 2. Nf3 d6 3. d4 cxd4 4. Nxd4 Nf6 5. Nc3 a6 6. h3 e5 7. Nde2 h5 8. Bg5 Be7 9. g3 Be6 10. Bg2 Nbd7 11. a4 Rc8 12. O-O g6 13. b3 Kf8 14. f4 exf4 15. gxf4 Nc5 16. b4 Ncd7 17. f5 gxf5 18. exf5 Bc4 19. Qd4 Ne5 20. Nf4 Rg8 21. h4 Bxf1 22. Rxf1 Nfg4 23. Ne4 Bxg5 24. Nxg5 Rxg5 25. hxg5 Qxg5 26. Qxd6+ Kg8 27. Qd2 Kh7 28. c3 Rg8 29. Qe2 Qh4 30. Nh3 Nf6 31. Qxe5 Qxh3 32. Qe2 Qh4 33. Qf2 Qg5 34. Qf3 Ng4 35. Re1 Qh4 36. Re4 Qh2+ 37. Kf1 Qh4 38. f6 Nh2+ 39. Ke2 Nxf3 40. Rxh4 Nxh4 41. Be4+ Ng6 42. Ke3 Re8 43. Kd4 h4 44. Bf5 Rd8+ 45. Ke4 Re8+ 46. Kf3 Re5 47. Bc8 Kh6 48. Bxb7 Re6 49. b5 Rxf6+ 50. Kg4 axb5 51. a5 Ne5+ 52. Kxh4 Kg6 53. a6 Nd7 54. a7 Nb6 55. a8=Q Nxa8 56. Bxa8 Rf4+ 57. Kg3 Rc4 58. Kf2 Rxc3 59. Be4+ Kf6 60. Bd5 b4 61. Ke2 Ke7 62. Kd2 f5 63. Bg8 f4 64. Bd5 Kd6 65. Bg2 Ke5 66. Bf1 Kd4 67. Ba6 f3 68. Bb5 f2 69. Ba6 Ra3 70. Bb5 Ra2+ 71. Kc1 b3 72. Kb1 Kc3 0-1


[Site "https://www.chess.com"]

[Event "Titled Tuesday Blitz June 14 Late 2022"]
[White "Andreikin, Dmitry"]
[Black "Abdrlauf, Elham"]
[WhiteFideId "4158814"]
[BlackFideId "1533533"]
[WhiteElo "2736"]
[BlackElo "2403"]
[Result "1-0"]
[Round "03"]
[TimeControl "180+1"]
[Date "2022.06.14"]
[WhiteClock "0:01:44"]
[BlackClock "0:00:02"]

1. d4 Nf6 2. c4 e6 3. Nc3 d5 4. cxd5 exd5 5. Bg5 c6 6. e3 Bd6 7. Bd3 O-O 8. Nge2 Re8 9. Qc2 h6 10. Bh4 a5 11. h3 Na6 12. a3 Nc7 13. O-O Ne6 14. Rae1 Bd7 15. Ng3 Rc8 16. Nf5 Bb8 17. e4 Nf4 18. Nxg7 Nxd3 19. Nxe8 Nxe1 20. Rxe1 Qxe8 21. Bxf6 Qe6 22. e5 c5 23. Re3 cxd4 24. Rg3+ Kf8 25. Qh7 1-0


[Site "https://www.chess.com"]

[Event "Titled Tuesday Blitz June 14 Late 2022"]
[White "Ansh M Shah"]
[Black "Kosteniuk, Alexandra"]
[WhiteFideId "25033379"]
[BlackFideId "4128125"]
[WhiteElo "1819"]
[BlackElo "2469"]
[Result "0-1"]
[Round "03"]
[TimeControl "180+1"]
[Date "2022.06.14"]
[WhiteClock "0:00:02"]
[BlackClock "0:00:44"]

1. d4 f5 2. c4 Nf6 3. Nc3 g6 4. g3 Bg7 5. Bg2 O-O 6. Nf3 d6 7. O-O Na6 8. d5 Nc5 9. Nd4 a5 10. b3 Qe8 11. Bb2 Bd7 12. a3 c6 13. b4 Nce4 14. Nxe4 Nxe4 15. Qc2 Qf7 16. dxc6 bxc6 17. f3 Nf6 18. e4 f4 19. Ne2 fxg3 20. hxg3 Be6 21. Rac1 axb4 22. axb4 Rfb8 23. Qb3 Nd7 24. Bxg7 Qxg7 25. Nf4 Bf7 26. Rfd1 Nc5 27. Qc3 Qxc3 28. Rxc3 Rxb4 29. Bh3 Rb2 30. e5 dxe5 31. Nd3 Nxd3 32. Rcxd3 Bxc4 0-1


[Site "https://www.chess.com"]

[Event "Titled Tuesday Blitz June 14 Late 2022"]
[White "Aravindh, Chithambaram VR."]
[Black "Nazaretyan, Tigran"]
[WhiteFideId "5072786"]
[BlackFideId "24162345"]
[WhiteElo "2577"]
[BlackElo "2179"]
[Result "1-0"]
[Round "03"]
[TimeControl "180+1"]
[Date "2022.06.14"]
[WhiteClock "0:00:17"]
[BlackClock "0:00:04"]

1. Nc3 c5 2. Nf3 Nc6 3. e3 a6 4. d4 d5 5. dxc5 e6 6. Na4 Bxc5 7. Nxc5 Qa5+ 8. Bd2 Qxc5 9. Bc3 Nf6 10. Bd3 b5 11. O-O b4 12. Bxf6 gxf6 13. a3 e5 14. Nh4 h5 15. Bf5 Ne7 16. Bxc8 Rxc8 17. axb4 Qxb4 18. g3 Rc6 19. Qd3 Rg8 20. Nf5 e4 21. Qd4 Qxd4 22. Nxd4 Rb6 23. Ra5 h4 24. Kg2 hxg3 25. hxg3 f5 26. Rfa1 Rgg6 27. b3 Nc6 28. Rxd5 Nxd4 29. Rxd4 Rgd6 30. Rxd6 Rxd6 31. Ra5 Rc6 32. Rxf5 Rxc2 33. Re5+ Kd7 34. Rxe4 Rb2 35. Ra4 Rxb3 36. Rxa6 Rb2 37. g4 Ke7 38. Kg3 Rb3 39. g5 Kf8 40. Ra4 Kg7 41. Re4 Rb5 42. f4 Kg6 43. Re8 Rb1 44. Kf3 Rf1+ 45. Ke4 Rb1 46. Rg8+ Kh7 47. Rd8 Kg7 48. Rd6 Rb4+ 49. Kf5 Rb3 50. e4 Rb5+ 51. e5 Rb4 52. g6 fxg6+ 53. Rxg6+ Kf7 54. e6+ Ke7 55. Rg7+ Ke8 56. Ke5 Rc4 57. f5 Rb4 58. Rg8+ 1-0


[Site "https://www.chess.com"]

[Event "Titled Tuesday Blitz June 14 Late 2022"]
[White "Bas Mas, Jose Joaquin"]
[Black "Bolanos, Fernando"]
[WhiteFideId "22219064"]
[BlackFideId "3304094"]
[WhiteElo "2233"]
[BlackElo "2048"]
[Result "0-1"]
[Round "03"]
[TimeControl "180+1"]
[Date "2022.06.15"]
[WhiteClock "0:00:08"]
[BlackClock "0:00:10"]

1. e4 c5 2. Nc3 Nc6 3. Bb5 e5 4. Nf3 Nge7 5. d3 g6 6. a4 Bg7 7. O-O O-O 8. Bc4 d6 9. h3 Nd4 10. Nd5 Nxd5 11. Bxd5 Rb8 12. c3 Nxf3+ 13. Qxf3 Be6 14. Bxe6 fxe6 15. Qg4 Qd7 16. Be3 b5 17. axb5 Rxb5 18. Ra2 Rfb8 19. Qe2 Bf6 20. Rfa1 R8b7 21. Bc1 d5 22. exd5 exd5 23. Ra6 Bg7 24. Qg4 d4 25. Qxd7 Rxd7 26. c4 Rb3 27. R1a3 Rxa3 28. Rxa3 h5 29. f3 Kh7 30. Kf2 Bh6 31. Bxh6 Kxh6 32. Ra5 Rb7 33. Rxc5 Rxb2+ 34. Kg3 Re2 35. Ra5 Re3 36. Ra3 Kg5 37. Kf2 Kf5 38. c5 Ke6 39. Rxa7 Rxd3 40. Ra6+ Kf5 41. c6 Rc3 42. Rb6 h4 43. Ke2 Kf4 44. Kd2 Kg3 45. c7 Kxg2 46. Rxg6+ Kxh3 47. Rg5 Rxc7 48. Rxe5 Rc3 49. Re4 Rxf3 50. Rxd4 Kg2 51. Rg4+ Kh3 52. Rg8 Rg3 53. Rh8 Rg7 54. Ke2 Rf7 55. Ke3 Kg3 56. Rg8+ Kh2 57. Rh8 h3 58. Ke2 Kg2 59. Rg8+ Kh2 60. Rh8 Rf4 61. Rg8 Rf6 62. Ke1 Rf3 63. Ke2 Rg3 64. Rh8 Kg2 65. Ra8 h2 66. Ra1 h1=Q 0-1


[Site "https://www.chess.com"]

[Event "Titled Tuesday Blitz June 14 Late 2022"]
[White "Bayo Milagro, Alvaro"]
[Black "Petrova, Irina"]
[WhiteFideId "22275240"]
[BlackFideId "14124122"]
[WhiteElo "2270"]
[BlackElo "1993"]
[Result "1/2-1/2"]
[Round "03"]
[TimeControl "180+1"]
[Date "2022.06.15"]
[WhiteClock "0:00:05"]
[BlackClock "0:00:07"]

1. c4 d6 2. Nc3 e5 3. d4 exd4 4. Qxd4 Nc6 5. Qd2 Nf6 6. b3 a5 7. Bb2 a4 8. Rc1 axb3 9. axb3 Be7 10. e4 O-O 11. Bd3 Nd7 12. Nge2 Bf6 13. Nd5 Bxb2 14. Qxb2 Nc5 15. Bc2 Ne5 16. Rd1 Bg4 17. f3 Qh4+ 18. Ng3 Nxf3+ 19. gxf3 Bxf3 20. O-O Bxd1 21. Rxd1 Qg4 22. Ne3 Qg5 23. Nf5 h5 24. h4 Qg4 25. Rf1 f6 26. Bd1 Qh3 27. Bxh5 Nd3 28. Qe2 Ne5 29. Bf3 g6 30. Bg2 Qg4 31. Qxg4 Nxg4 32. Ne7+ Kf7 33. Nd5 Ra2 34. Bh3 Ne5 35. Rxf6+ Kg7 36. Rxf8 Kxf8 37. Nxc7 Nf3+ 38. Kf1 Nd2+ 39. Ke1 Nxb3 40. Ne2 Nc5 41. Ne6+ Nxe6 42. Bxe6 Ke7 43. Bd5 b6 44. Kf2 Kf6 45. Kf3 Ke5 46. Nf4 Ra3+ 47. Kg4 Ra5 48. Nxg6+ Kf6 49. Nf4 b5 50. cxb5 Rxb5 51. h5 Rb8 52. Ng6 Rb1 53. Nf4 Rg1+ 54. Kf3 Rf1+ 55. Ke3 Kg5 56. Ne2 Re1 57. Bf7 Kh6 58. Bg6 Rd1 59. Nc3 Rc1 60. Kd4 Rg1 61. Nb5 Rd1+ 62. Kc4 Rc1+ 63. Kb4 Rd1 64. Nc3 Rd4+ 65. Kb5 Rd3 66. Nd5 Rd4 67. Kc6 Rxe4 68. Bxe4 Kxh5 69. Kxd6 Kg4 70. Ke5 Kg5 71. Nf4 Kg4 72. Ne6 Kh5 73. Kf5 Kh6 74. Kf6 Kh5 75. Kf5 Kh6 76. Ng5 Kg7 77. Bd5 Kh8 78. Ne6 Kh7 79. Kf6 Kh8 80. Ng5 1/2-1/2


[Site "https://www.chess.com"]

[Event "Titled Tuesday Blitz June 14 Late 2022"]
[White "Bortnyk, Olexandr"]
[Black "Bernadskiy, Vitaliy"]
[WhiteFideId "14120828"]
[BlackFideId "14100371"]
[WhiteElo "2723"]
[BlackElo "2473"]
[Result "1-0"]
[Round "03"]
[TimeControl "180+1"]
[Date "2022.06.14"]
[WhiteClock "0:00:17"]
[BlackClock "0:00:01"]

1. d4 d5 2. Nc3 Bf5 3. Bf4 e6 4. e3 Nf6 5. Nf3 Bb4 6. Bd3 Bg6 7. O-O Bxc3 8. bxc3 O-O 9. Rb1 b6 10. c4 Nc6 11. cxd5 Nxd5 12. Bg3 Nc3 13. Qd2 Nxb1 14. Rxb1 Bxd3 15. Qxd3 Rc8 16. Rb5 h6 17. Rh5 Nb4 18. Qe2 Nd5 19. Ne5 Qe8 20. c4 Nc3 21. Qc2 f5 22. Rh4 Qa4 23. Qxa4 Nxa4 24. Nc6 Kh7 25. Be5 g5 26. Rh3 a5 27. e4 Nb2 28. exf5 Nxc4 29. fxe6 Nxe5 30. dxe5 Rce8 31. e7 Rf4 32. Rc3 b5 33. Kf1 b4 34. Rd3 Rf7 35. Rd7 a4 36. Rxc7 b3 37. axb3 axb3 38. Rb7 Kg6 39. Rxb3 Kf5 40. Rf3+ Ke6 41. Nd8+ Kxe7 42. Nxf7 1-0


[Site "https://www.chess.com"]

[Event "Titled Tuesday Blitz June 14 Late 2022"]
[White "Bringas Gomez, Artai"]
[Black "Babazada, Khazar"]
[WhiteFideId "24534064"]
[BlackFideId "13413554"]
[WhiteElo "1988"]
[BlackElo "2406"]
[Result "0-1"]
[Round "03"]
[TimeControl "180+1"]
[Date "2022.06.14"]
[WhiteClock "0:00:07"]
[BlackClock "0:00:10"]

1. d4 Nf6 2. c4 a6 3. g3 c5 4. dxc5 e6 5. Bg2 Bxc5 6. Nf3 O-O 7. O-O Nc6 8. b3 b5 9. Na3 Qa5 10. Nc2 bxc4 11. bxc4 d5 12. cxd5 Nxd5 13. Bd2 Qa4 14. e4 Nf6 15. e5 Nd5 16. h4 a5 17. h5 h6 18. Qc1 Qg4 19. Nce1 Ba6 20. Qxc5 Bxf1 21. Bxf1 Rac8 22. Qa3 Ncb4 23. Qxa5 Nc2 24. Nxc2 Rxc2 25. Bg2 Rb8 26. a4 Rbb2 27. Nh2 Qe2 28. Be1 Rc8 29. Nf3 Rcb8 30. Nd4 Qd3 31. Nc6 Rf8 32. Bxd5 exd5 33. Qxd5 Qe2 34. Ne7+ Kh8 35. a5 Rb5 36. Qd6 Rxe5 37. Ng6+ fxg6 38. Qxf8+ Kh7 39. hxg6+ Kxg6 40. Qf4 Rf5 41. Qd6+ Kh7 42. Qc6 Qb2 43. Qc3 Qb7 44. a6 Qe4 45. Qe3 Qd5 46. g4 Rf3 47. Ra5 Qf7 48. Rf5 Rxf5 49. gxf5 Qxf5 50. a7 Qg4+ 51. Qg3 Qe4 52. Qg2 Qxe1+ 53. Kh2 Qe5+ 54. Qg3 Qd5 55. Qb8 Qh5+ 56. Kg2 Qg4+ 57. Qg3 Qe4+ 58. Kh2 Qb7 59. Qe3 Qc7+ 60. Kg1 g6 61. Qd4 Qc1+ 62. Kh2 Qc7+ 63. f4 Qb7 64. Qc5 h5 65. Kg3 Qb3+ 66. Kf2 Qb7 67. Ke3 h4 68. f5 h3 69. fxg6+ Kxg6 70. Qd6+ Kf5 71. Qf4+ Kg6 72. Qe4+ Qxe4+ 73. Kxe4 h2 74. Ke5 h1=Q 75. Kd6 Qa8 76. Kc7 Qxa7+ 77. Kc6 Qa6+ 0-1


[Site "https://www.chess.com"]

[Event "Titled Tuesday Blitz June 14 Late 2022"]
[White "Bryakin, Mikhail"]
[Black "Kozak, Adam"]
[WhiteFideId "4165314"]
[BlackFideId "753246"]
[WhiteElo "2417"]
[BlackElo "2459"]
[Result "0-1"]
[Round "03"]
[TimeControl "180+1"]
[Date "2022.06.14"]
[WhiteClock "0:00:09"]
[BlackClock "0:01:09"]

1. e4 c5 2. Nf3 d6 3. d4 cxd4 4. Qxd4 Nc6 5. Qa4 Bd7 6. Nc3 Nf6 7. Bb5 a6 8. Bxc6 Bxc6 9. Qd4 e6 10. Bg5 Be7 11. O-O h6 12. Bh4 O-O 13. Rad1 Qa5 14. Rfe1 Rfe8 15. Bg3 Rad8 16. a3 Qc7 17. h3 b5 18. Qe3 Qb7 19. Nd4 Bd7 20. Bh2 Bf8 21. Nf3 e5 22. Bg3 Rc8 23. Bh4 Nh5 24. Rd2 Nf4 25. Bg3 Nh5 26. Bh4 Be6 27. Red1 Rc4 28. g4 Nf4 29. Kh2 Qc8 30. Bg3 Ng6 31. Nh4 Nxh4 32. Bxh4 Qc6 33. Bg3 Rc8 34. f3 a5 35. Nd5 Rxc2 36. Rxc2 Qxc2+ 37. Rd2 Qc1 38. h4 Bxd5 39. exd5 Rc2 40. Be1 Rxb2 41. g5 hxg5 42. hxg5 g6 43. Kg3 Ra2 44. Re2 Qxe3 45. Rxe3 a4 46. Bb4 Rc2 47. Rd3 Rc4 48. Kf2 Be7 49. Bd2 Kf8 50. Ke1 Ke8 51. Kd1 Kd7 52. f4 exf4 53. Rf3 Bxg5 54. Rh3 Rd4 55. Kc2 Rxd5 56. Rh7 Ke6 57. Bb4 f3 58. Rh3 Rf5 59. Rh1 f2 60. Rf1 Be3 61. Kd3 Bc5 62. Ke2 Bxb4 63. axb4 Kd5 0-1


[Site "https://www.chess.com"]

[Event "Titled Tuesday Blitz June 14 Late 2022"]
[White "Castellanos Hernandez, Emilio Au"]
[Black "Zhou, Liran"]
[WhiteFideId "5114179"]
[BlackFideId "30931967"]
[WhiteElo "2021"]
[BlackElo "2650"]
[Result "1/2-1/2"]
[Round "03"]
[TimeControl "180+1"]
[Date "2022.06.14"]
[WhiteClock "0:00:15"]
[BlackClock "0:00:16"]

1. d4 Nf6 2. Bf4 g6 3. Nc3 d5 4. e3 Bg7 5. h4 h5 6. Be2 c6 7. Nf3 Nbd7 8. Ne5 Nxe5 9. Bxe5 Bf5 10. f3 Qa5 11. a3 Rg8 12. Qd2 Qd8 13. O-O-O Qd7 14. Rdg1 O-O-O 15. Kb1 Ne8 16. g4 hxg4 17. fxg4 Be6 18. Bf4 Nd6 19. Na4 b6 20. Qb4 Kb8 21. Nc5 Qc8 22. a4 Ka8 23. Nb3 Nc4 24. h5 gxh5 25. gxh5 Bf6 26. h6 Rxg1+ 27. Rxg1 Rg8 28. Rxg8 Qxg8 29. a5 Qd8 30. axb6 axb6 31. Nd2 Nxd2+ 32. Qxd2 Kb7 33. Bd3 Qg8 34. Qh2 Qh8 35. h7 c5 36. Be5 c4 37. Bxf6 exf6 38. Be2 Bf5 39. Qd6 Be4 40. Qd7+ Kb8 41. Qd6+ Kb7 42. Qd7+ Kb8 43. Qxf7 Qxh7 44. Qxf6 Bxc2+ 45. Kc1 Be4 46. Qxb6+ Kc8 47. Qc6+ Kd8 48. Qd6+ Ke8 49. Qe6+ Kd8 50. Qd6+ Ke8 51. Qc6+ Kd8 52. Qa8+ Kc7 53. Qa7+ Kc6 54. Qxh7 Bxh7 55. Kd2 Be4 56. Kc3 Kb5 57. b3 Kc6 58. bxc4 dxc4 59. Bxc4 Kd6 60. Bd3 Bc6 61. e4 Be8 62. e5+ Kc7 63. Bc4 Bg6 64. d5 Bf5 65. Kd4 Kd7 66. e6+ Kd6 67. Bb3 Bg6 68. Ba2 Bh7 69. Bc4 Bg6 70. Bd3 Bh5 71. Be4 Bg4 72. e7 Kxe7 73. Ke5 Bc8 74. d6+ Kd8 75. Bd5 Bd7 76. Kf6 Be8 77. Be6 Bc6 78. Ke5 Bb7 79. Kd4 Bc6 80. Kc5 Be8 81. Bd5 Ba4 82. Bc6 Bd1 83. Be4 Bh5 84. Bc6 Be2 85. Kb6 Bh5 86. Ba4 Be2 87. Kc5 Bh5 88. Kd5 Bf3+ 89. Ke6 Bh5 90. Ke5 Bg4 91. Bd1 Bxd1 92. d7 Kxd7 1/2-1/2


[Site "https://www.chess.com"]

[Event "Titled Tuesday Blitz June 14 Late 2022"]
[White "Castro Silva, Moises Antonio"]
[Black "Mortazavi, Ali"]
[WhiteFideId "3909794"]
[BlackFideId "401323"]
[WhiteElo "2035"]
[BlackElo "2339"]
[Result "0-1"]
[Round "03"]
[TimeControl "180+1"]
[Date "2022.06.15"]
[WhiteClock "0:00:01"]
[BlackClock "0:00:06"]

1. e4 c6 2. d4 d5 3. Nc3 dxe4 4. Nxe4 Nf6 5. Nxf6+ exf6 6. Be3 Bd6 7. Bd3 O-O 8. Ne2 Be6 9. c4 Nd7 10. O-O Re8 11. Qd2 Nf8 12. Rae1 Ng6 13. Nc3 Bc7 14. f4 f5 15. d5 cxd5 16. cxd5 Bd7 17. Kh1 Bd6 18. g3 a6 19. Bd4 b5 20. Rxe8+ Qxe8 21. Re1 Qf8 22. Qc2 Qc8 23. a3 h6 24. Qb1 Ne7 25. Be5 Qc7 26. Qc2 f6 27. Bd4 Rc8 28. Qb3 Be8 29. Bf1 Bf7 30. Bg2 Qc4 31. Qxc4 Rxc4 32. Bb6 b4 33. axb4 Rxb4 34. Bd8 Kf8 35. Re2 g5 36. fxg5 hxg5 37. Ba5 Rb3 38. Bd8 Ng6 39. Kg1 Be5 40. d6 Bxd6 41. Bxf6 Bc5+ 42. Kh1 Be7 43. Bxe7+ Nxe7 44. h4 gxh4 45. gxh4 Rb4 46. Kg1 Rxh4 47. Re5 Rb4 48. Ra5 Bc4 49. Nd1 Be2 50. Nc3 Bd3 51. Nd1 Kf7 52. Nc3 Kf6 53. Nd5+ Nxd5 54. Bxd5 Rxb2 55. Bc6 Kg5 56. Bd7 Kg4 57. Ra3 Be2 58. Bc8 Kg5 59. Bxa6 Rb1+ 60. Kf2 Bg4 61. Be2 Rb2 62. Re3 Rxe2+ 63. Rxe2 Bxe2 64. Kxe2 Kg4 65. Kf2 Kf4 66. Ke2 Kg3 0-1


[Site "https://www.chess.com"]

[Event "Titled Tuesday Blitz June 14 Late 2022"]
[White "Chiu, Isaac"]
[Black "Voege, Tobias"]
[WhiteFideId "30900654"]
[BlackFideId "1270513"]
[WhiteElo "2117"]
[BlackElo "2379"]
[Result "1-0"]
[Round "03"]
[TimeControl "180+1"]
[Date "2022.06.14"]
[WhiteClock "0:00:05"]
[BlackClock "0:00:04"]

1. Nf3 c5 2. b3 d5 3. e3 Nf6 4. Bb2 Nc6 5. Bb5 Bg4 6. h3 Bh5 7. O-O e6 8. d3 Qc7 9. Nbd2 Bd6 10. Qe2 O-O 11. Bxc6 Qxc6 12. e4 dxe4 13. dxe4 Bc7 14. Rfe1 Rfd8 15. Qe3 Bg6 16. Ne5 Bxe5 17. Bxe5 Nd7 18. Bb2 b5 19. a4 a6 20. h4 f6 21. Nf3 e5 22. Nh2 Nf8 23. Nf1 Ne6 24. Ng3 Nd4 25. Rec1 c4 26. h5 Bf7 27. axb5 axb5 28. Rxa8 Qxa8 29. bxc4 bxc4 30. Bxd4 exd4 31. Qd2 d3 32. cxd3 cxd3 33. h6 Qa3 34. hxg7 Bb3 35. Rc3 Qa1+ 36. Kh2 Qa2 37. Qh6 d2 38. Nh5 Qa6 39. Rf3 d1=Q 40. Nxf6+ Qxf6 41. Rxf6 Bf7 42. e5 Qd7 43. e6 Qd6+ 44. g3 Bg6 45. f4 Qe7 46. Qg5 Qxg7 47. Rxg6 hxg6 48. Qxd8+ Kh7 49. Qd7 1-0


[Site "https://www.chess.com"]